 Dungeon Crawl Stone Soup version 0.17.1-1-g73c8601 (console) character file.

605 Kloppie the Poker (level 7, -8/57 HPs)
             Began as a Merfolk Gladiator on Dec 25, 2015.
             Was an Initiate of Makhleb.
             Mangled by an orc priest
             ... wielding a +2 war axe of chopping
              (10 damage)
             ... on level 5 of the Dungeon.
             The game lasted 00:09:35 (4211 turns).

Kloppie the Poker (Merfolk Gladiator)               Turns: 4211, Time: 00:09:35

Health: -8/57      AC:  8    Str: 15    XL:     7   Next: 42%
Magic:  7/7        EV: 13    Int:  7    God:    Makhleb [......]
Gold:   101        SH:  0    Dex: 17    Spells: 0 memorised, 6 levels left

rFire  . . .     SeeInvis .     a - +0 trident
rCold  . . .     Clarity  .     r - +0 scale mail
rNeg   . . .     SustAt   .     (no shield)
rPois  .         Gourm    .     C - +0 helmet
rElec  .         Spirit   .     (no cloak)
rCorr  .         Warding  .     t - +0 pair of gloves (curse)
rMut   .         Stasis   .     (no boots)
MR     .....                    h - amulet of rage
Stlth  ..........               (no ring)
                                v - ring of wizardry

@: not resistant to hostile enchantments, extremely unstealthy
A: change form in water, swift swim
a: Renounce Religion, Evoke Berserk Rage


You were on level 5 of the Dungeon.
You worshipped Makhleb.
Makhleb was noncommittal.
You were near starving.

You visited 2 branches of the dungeon, and saw 6 of its levels.

You collected 215 gold pieces.
You spent 114 gold pieces at shops.

Inventory:

Hand Weapons
 a - a +0 trident (weapon)
Missiles
 d - 2 throwing nets (quivered)
Armour
 r - a +0 scale mail (worn)
 t - a cursed +0 pair of gloves (worn)
 C - a +0 helmet (worn)
Jewellery
 h - an amulet of rage (around neck)
 v - a ring of wizardry (left hand)
Wands
 y - a wand of random effects (26)
 B - a wand of confusion (34)
Scrolls
 b - a scroll of magic mapping {unknown}
 c - 2 scrolls of enchant weapon
 g - 2 scrolls of blinking {unknown}
 i - 4 scrolls of remove curse {unknown}
 l - 2 scrolls of immolation {unknown}
 o - 2 scrolls of fear {unknown}
 p - a scroll of amnesia {unknown}
 z - 2 scrolls of identify
 A - a scroll of fog {unknown}
 G - a scroll of teleportation {unknown}
 H - a scroll of enchant armour {unknown}
Potions
 f - 3 potions of curing {unknown}
 j - a potion of invisibility {unknown}
 k - 2 potions of lignification {unknown}
 m - a potion of might {unknown}
 s - a potion of cancellation {unknown}
 u - 2 potions of ambrosia {unknown}
 w - a potion of heal wounds
 x - a potion of flight {unknown}
 D - 2 potions of poison {unknown}
 E - a potion of berserk rage {unknown}
 F - a potion of mutation {unknown}
Books
 q - a book of Beasts

   Spells                             Type                      Level
   a - Summon Butterflies             Summoning                    1
   b - Call Canine Familiar           Summoning                    3
   c - Summon Ice Beast               Ice/Summoning                4
   d - Summon Mana Viper              Hexes/Summoning              5
   e - Summon Hydra                   Summoning                    7
Comestibles
 e - 4 bread rations
 n - a meat ration


   Skills:
 + Level 5.8 Fighting
 + Level 7.3 Polearms
 - Level 2.0 Throwing
 + Level 6.9 Dodging


You had 6 spell levels left.
You didn't know any spells.

Dungeon Overview and Level Annotations

Branches:
Dungeon (5/15)             Temple (1/1) D:4

Altars:
Dithmenos
Elyvilon
Fedhas
Gozag
Kikubaaqudgha
Makhleb
Nemelex Xobeh
Okawaru
Ru
Yredelemnul
Zin

Shops:
D:4 (??


Message History

* * * LOW HITPOINT WARNING * * *
x2 You hit the orc priest but do no damage.
The orc priest is moderately wounded.
You closely miss the orc priest.
The orc priest is moderately wounded.
The orc priest barely misses you.
You puncture the orc priest!
The orc priest is severely wounded.
The orc priest mumbles some strange prayers to Beogh against you.
Pain shoots through your body!
* * * LOW HITPOINT WARNING * * *
You hit the orc priest but do no damage.
The orc priest is severely wounded.
The orc priest mumbles some strange prayers to Beogh against you.
Pain shoots through your body!
* * * LOW HITPOINT WARNING * * *
You hit the orc priest.
The orc priest is severely wounded.
The orc priest hits you with a war axe of chopping!
You die...

######### ........########
.. #######...(....# #.#
#........# #.#
####........# #.#
..#........# #.#
#.#........# #.#
Z.#.#######.#........####.#
.......%.)@................
..#..####)#o#........####.#
... ...#.#.######## #.# o
#####.#.# #.# ..#.#
########.# ..... .........#
###### ########.# #######..
.........


You could see an orc priest.

Vanquished Creatures
  Sigmund (D:3)
  A scorpion (D:4)
  Ijyb (D:2)
  2 orc wizards (D:5)
  Terence (D:2)
  Natasha (thrice) (D:3)
  2 worker ants
  A worker ant zombie (D:5)
  A hound skeleton (D:3)
  Robin (D:3)
  5 adders
  3 oozes
  3 worms
  A giant gecko (D:4)
  7 orcs (D:3)
  2 ball pythons (D:3)
  5 giant cockroaches
  21 goblins
  10 hobgoblins
  8 jackals (D:1)
  8 kobolds
  2 quokkas
  9 bats
  6 giant newts
  A quokka skeleton (D:4)
  5 rats
110 creatures vanquished.

Notes
Turn   | Place    | Note
--------------------------------------------------------------
     0 | D:1      | Kloppie the Merfolk Gladiator began the quest for the Orb.
     0 | D:1      | Reached XP level 1. HP: 16/16 MP: 1/1
   102 | D:1      | Reached XP level 2. HP: 21/23 MP: 2/2
   401 | D:1      | Reached XP level 3. HP: 27/29 MP: 3/3
   532 | D:1      | Reached skill level 5 in Polearms
   653 | D:2      | Found a shadowy altar of Dithmenos.
   661 | D:2      | Noticed Terence
   692 | D:2      | Killed Terence
   692 | D:2      | Reached XP level 4. HP: 3/37 MP: 4/4
  1118 | D:2      | Found a faded altar to an unknown god.
  1233 | D:2      | Found an iron altar of Okawaru.
  1233 | D:2      | Found a sparkling altar of Nemelex Xobeh.
  1414 | D:3      | Noticed Ijyb
  1414 | D:3      | Noticed Sigmund
  1456 | D:2      | Killed Ijyb
  1456 | D:2      | Reached skill level 5 in Dodging
  1456 | D:2      | Reached XP level 5. HP: 37/42 MP: 5/5
  1671 | D:3      | Found an opulent altar of Gozag.
  1697 | D:3      | Killed Sigmund
  1697 | D:3      | Reached skill level 6 in Polearms
  1697 | D:3      | Reached XP level 6. HP: 48/50 MP: 6/6
  1944 | D:3      | Reached skill level 5 in Fighting
  1969 | D:3      | Noticed Natasha
  1988 | D:3      | Killed Natasha
  2012 | D:3      | Found a blossoming altar of Fedhas.
  2112 | D:3      | Noticed Natasha
  2126 | D:3      | Killed Natasha
  2218 | D:3      | Noticed Natasha
  2221 | D:3      | Killed Natasha
  2523 | D:3      | Noticed Robin
  2557 | D:3      | Killed Robin
  2619 | D:3      | Reached XP level 7. HP: 56/56 MP: 7/7
  2702 | D:4      | Found Orocuibla's Magic Scroll Shoppe.
  2706 | D:4      | Bought a scroll of identify for 24 gold pieces
  2706 | D:4      | Bought a scroll of enchant weapon for 90 gold pieces
  2727 | D:4      | Found Fikesot's Magic Scroll Emporium.
  2801 | D:4      | Reached skill level 7 in Polearms
  3050 | D:4      | Found Ypimiuf's Antique Weapon Shop.
  3431 | D:4      | Found a staircase to the Ecumenical Temple.
  3440 | Temple   | Entered the Ecumenical Temple
  3603 | Temple   | Became a worshipper of Makhleb the Destroyer
  4123 | D:5      | Entered Level 5 of the Dungeon
  4210 | D:5      | HP: 1/57 [orc priest/nerve-wracking pain (8)]
  4211 | D:5      | Mangled by an orc priest

Action                   |  1- 3 |  4- 6 |  7- 9 || total
-------------------------+-------+-------+-------++-------
Melee: Trident           |   135 |   286 |    81 ||   502
Throw: Throwing net      |       |     2 |       ||     2
 Stab: Held in net/web   |       |     3 |       ||     3
  Eat: Chunk             |       |     6 |     3 ||     9
